[Event "*** Titled Tuesday Blitz"]
[Site "Chess.com"]
[Date "2021.03.30"]
[Round "2"]
[White "Korchmar_Vasiliy"]
[Black "Leo_C"]
[Result "1-0"]
[WhiteElo "2636"]
[BlackElo "2348"]
[TimeControl "180+1"]
[EndTime "10:17:02 PDT"]
[Termination "Korchmar_Vasiliy won by checkmate"]

1. e4 c6 2. Nf3 d5 3. Nc3 Bg4 4.
h3 Bh5 5. g4 Bg6 6. d3 Nf6 7.
e5 Nfd7 8. e6 fxe6 9. Ng5 e5 10.
f4 h6 11. Ne6 Qc8 12. Qe2 d4 13. Ne4 Nf6 14. f5 Bf7 15. Nxf8 Rxf8 16. Bg2 Nbd7 17. Bd2 Qc7 18. a4 a5 19. O-O O-O-O 20. b4 axb4 21. Bxb4 c5 22. Bd2 Nd5 23. Rfb1 e6 24. a5 exf5 25.
gxf5 Nb8 26. a6 Nxa6 27. Ba5 Qd7 28. Bxd8 Rxd8 29. Qg4 g6 30. fxg6 Be6 31. Qh5 Ne3 32. Qxe5 Bxh3 33. Rxa6 Qg4 34. Ra8+ Kd7 35. Rxb7+ Kc6 36.
Rc7+ Kb6 37. Qxc5# 1-0

[Event "*** Titled Tuesday Blitz"]
[Site "Chess.com"]
[Date "2021.03.30"]
[Round "2"]
[White "FeketeBarika"]
[Black "SARGISMV"]
[Result "0-1"]
[WhiteElo "2248"]
[BlackElo "2457"]
[TimeControl "180+1"]
[EndTime "10:17:02 PDT"]
[Termination "SARGISMV won by resignation"]

1. Nf3 Nf6 2. g3 d5 3. Bg2 c6 4. O-O Bg4 5. c4 e6 6. cxd5 exd5 7. Qb3 Qb6 8. Qc2 Nbd7 9. Nc3 Be7 10. b3 O-O 11. Bb2 Rfe8 12. Na4 Qa6 13. Rac1 Qxe2 14.
Rfe1 Qa6 15. Ne5 Nxe5 16. Bxe5 Ba3 17. Rb1 Nd7 18. Bd4 Be2 19. Qc3 Bf8 20. Be3 Bd3 21. Rbc1 Be7 22. Bd4 Bf8 23. Re3 Rxe3 24. dxe3 Bb5 25.
Nb2 Be2 26. e4 dxe4 27. Bxe4 Re8 28. Qc2 g6 29. Nc4 Bxc4 30. bxc4 Bg7 31. Bxg7 Kxg7 32. Qc3+ Nf6 33. Bd3 Qb6 34. c5 Qc7 35. Rb1 Re7 36. Qb3 h5 37. Bc4 Qe5 38. Qb4 Qd4 39. Rc1 Ne4 40.
Rf1 Nxc5 41. a4 a5 42. Qa3 Qxc4 43. Rc1 Qb4 44. Qxb4 axb4 45. Rxc5 Re1+ 46. Kg2 b3 0-1

[Event "*** Titled Tuesday Blitz"]
[Site "Chess.com"]
[Date "2021.03.30"]
[Round "2"]
[White "muchojogo"]
[Black "aljado"]
[Result "1-0"]
[WhiteElo "2400"]
[BlackElo "2094"]
[TimeControl "180+1"]
[EndTime "10:17:02 PDT"]
[Termination "muchojogo won on time"]

1. d4 Nf6 2. Bf4 g6 3. e3 Bg7 4. Nf3 b6 5. Be2 Bb7 6. O-O O-O 7.
Nbd2 d6 8. h3 Nbd7 9. a4 Re8 10.
Bh2 e5 11. c3 Qe7 12. a5 e4 13. Ne1 Nd5 14. a6 Bc8 15. Nc2 Qg5 16. c4 N5f6 17. Bf4 Qh4 18. Bg3 Qg5 19. Nb4 Nh5 20. Bh2 Ndf6 21. Kh1 c5 22. Nc2 d5 23. dxc5 bxc5 24. cxd5 Nxd5 25. Nc4 Be6 26. Ra5 Qe7 27. Bd6 Qh4 28. Rxc5 Bxh3 29. gxh3 Qxh3+ 30. Bh2 1-0

[Event "*** Titled Tuesday Blitz"]
[Site "Chess.com"]
[Date "2021.03.30"]
[Round "2"]
[White "Revnov"]
[Black "smshk35"]
[Result "1-0"]
[WhiteElo "2672"]
[BlackElo "2413"]
[TimeControl "180+1"]
[EndTime "10:17:04 PDT"]
[Termination "Revnov won by resignation"]

1. d4 e6 2. c4 c6 3. e4 d6 4. Nc3 g6 5. h4 h5 6. Bg5 Be7 7. Nh3 Bxg5 8. hxg5 e5 9. c5 dxc5 10. dxe5 Bxh3 11. Qxd8+ Kxd8 12. Rxh3 Ne7 13. Bc4 Ke8 14. e6 fxe6 15. Bxe6 Na6 16. f4 Nc7 17. Bb3 b5 18. Rd1 c4 19. Bc2 Ne6 20. Ne2 Rd8 21. Rxd8+ Kxd8 22.
g4 h4 23. Kd2 b4 24. Ke3 c5 25. Ba4 Kc7 26. Bb5 a5 27. Bxc4 Kd6 28. e5+ Kd7 29.
Ke4 Nc6 30. Bxe6+ Kxe6 31. f5+ Kf7 32. Nf4 Rd8 33. e6+ Ke7 34. f6+ Ke8 35. Rxh4 Rd4+ 36. Ke3 1-0

[Event "*** Titled Tuesday Blitz"]
[Site "Chess.com"]
[Date "2021.03.30"]
[Round "2"]
[White "annamaja"]
[Black "Federtiu"]
[Result "0-1"]
[WhiteElo "2349"]
[BlackElo "2642"]
[TimeControl "180+1"]
[EndTime "10:17:04 PDT"]
[Termination "Federtiu won on time"]

1. e4 g6 2. d4 Bg7 3. Nf3 d6 4. Nc3 a6 5. Be3 b5 6. Bd3 Bb7 7. Qd2 Nd7 8. a4 b4 9. Nd1 c5 10. c3 Ngf6 11. d5 c4 12. Bb1 b3 13. Bd4 O-O 14. Ne3 Rc8 15. h4 e5 16. dxe6 fxe6 17.
e5 Ne4 18. Bxe4 Bxe4 19. Ng5 dxe5 20. Nxe6 exd4 21. Nxd8 dxe3 22. Qxe3 Rcxd8 23. O-O Bd3 24.
Rfe1 Ne5 25. Qg3 Rf5 26. Re3 Rdf8 27. f3 Bh6 28. Ree1 Bd2 29. Rxe5 Bf4 30. Qf2 Rxe5 31. Re1 Rfe8 32. Rxe5 Rxe5 33. Qa7 Be3+ 34. Kh2 Bxa7 0-1

[Event "*** Titled Tuesday Blitz"]
[Site "Chess.com"]
[Date "2021.03.30"]
[Round "2"]
[White "Vanina1989"]
[Black "MustafayevFarid2004"]
[Result "1-0"]
[WhiteElo "2767"]
[BlackElo "2517"]
[TimeControl "180+1"]
[EndTime "10:17:05 PDT"]
[Termination "Vanina1989 won by resignation"]

1. d4 Nf6 2. c4 e6 3. Nf3 d5 4.
Nc3 Bb4 5. Qa4+ Nc6 6. e3 Bd7 7. Qc2 O-O 8. Bd2 Re8 9. a3 Bxc3 10. Bxc3 Ne4 11. Bd3 Nxc3 12. bxc3 Qf6 13. O-O dxc4 14. Bxc4 e5 15. Bd5 Rad8 16. Bxc6 Bxc6 17. Nxe5 Rxe5 18.
dxe5 Qxe5 19. Rad1 Re8 20. Rd4 Qg5 21. f4 Qe7 22. Re1 Qh4 23. Qd2 f5 24. Rd1 Kf7 25.
Rd8 Re7 26. Qa2+ Kg6 27. Qf2 Qf6 28. Qg3+ Kf7 29. h3 Qxc3 30. Qg5 Qxe3+ 31. Kh2 Qe6 32. Ra8 h6 33. Qh5+ Qg6 34. Rf8+ 1-0

[Event "*** Titled Tuesday Blitz"]
[Site "Chess.com"]
[Date "2021.03.30"]
[Round "2"]
[White "Escanor89"]
[Black "nrvisakh"]
[Result "1-0"]
[WhiteElo "2568"]
[BlackElo "2819"]
[TimeControl "180+1"]
[EndTime "10:17:06 PDT"]
[Termination "Escanor89 won by resignation"]

1. c4 e6 2. Nc3 Bb4 3. Qc2 Nf6 4.
Nf3 O-O 5. a3 Bxc3 6. Qxc3 a5 7.
g3 b6 8. Bg2 Bb7 9. b3 c5 10.
O-O d5 11. cxd5 exd5 12. d4 Ne4 13. Qb2 Re8 14. Be3 c4 15. bxc4 dxc4 16. Ne5 c3 17. Qc2 f5 18. Bxe4 Bxe4 19. Qxc3 Bb7 20. Rab1 Qd5 21. Qb3 Re6 22. Qxd5 Bxd5 23. Rfc1 Nc6 24. Nxc6 Rxc6 25. Rxc6 Bxc6 26. Rxb6 Bd5 27. Bf4 Re8 28. Be5 Rc8 29. Rb8 Rxb8 30. Bxb8 Bc4 31. Kf1 Kf7 32. Ke1 g5 33. Kd2 g4 34. f3 Bd5 35. Ke3 Bc4 36. Bc7 a4 37. Kf2 Bd5 38.
fxg4 fxg4 39. Ke3 Bc4 40. Kd2 Bd5 41. Kd3 Ba2 42. e4 Bb1+ 43. Ke3 Ke6 44. d5+ Kd7 45.
Bf4 1-0

[Event "*** Titled Tuesday Blitz"]
[Site "Chess.com"]
[Date "2021.03.30"]
[Round "2"]
[White "Witik"]
[Black "ural58"]
[Result "1-0"]
[WhiteElo "2712"]
[BlackElo "2492"]
[TimeControl "180+1"]
[EndTime "10:17:06 PDT"]
[Termination "Witik won by resignation"]

1. d4 d5 2. Bf4 Nf6 3. e3 c5 4.
c3 e6 5. Nd2 Qb6 6. Qb3 Bd7 7.
Ngf3 Bc6 8. Ne5 Nbd7 9. Nxc6 bxc6 10. h3 Be7 11. Be2 O-O 12. O-O c4 13. Qc2 c5 14.
b3 cxb3 15. axb3 cxd4 16. exd4 Rfc8 17. Ba6 Rc6 18. Rfc1 Bd6 19. Be3 Rb8 20. Qd3 h6 21. b4 Rc7 22. Nb3 Ne4 23. f3 Ng3 24. Nc5 Nf5 25.
Bf2 Bg3 26. Bxg3 Nxg3 27. Qd2 Nf5 28. Bd3 Nxc5 29. dxc5 Qc6 30. Ra6 Qb7 31. Rca1 Ne7 32. Qf4 Rbc8 33. Kh2 Qa8 34. Qd6 Rb7 35. h4 Rd8 36. Rxa7 Rxa7 37. Rxa7 Qc8 38. Qxe7 Re8 39. Qxf7+ 1-0

[Event "*** Titled Tuesday Blitz"]
[Site "Chess.com"]
[Date "2021.03.30"]
[Round "2"]
[White "BeyondMadness"]
[Black "lider34"]
[Result "1/2-1/2"]
[WhiteElo "2300"]
[BlackElo "2468"]
[TimeControl "180+1"]
[EndTime "10:17:07 PDT"]
[Termination "Game drawn by repetition"]

1. d4 Nf6 2. c4 c5 3. d5 b5 4. Nf3 g6 5. cxb5 a6 6. b6 Bg7 7.
Nc3 d6 8. e4 O-O 9. Nd2 Qxb6 10. a4 Nbd7 11. a5 Qd8 12. Be2 Ne8 13. O-O Nc7 14. Nc4 Nb5 15. Na4 Nd4 16. Nab6 Nxb6 17.
Nxb6 Rb8 18. Bc4 Bb7 19. Be3 f5 20. exf5 Nxf5 21. Bc1 Bd4 22. Rb1 Qc7 23. Bg5 Rf7 24.
Qd2 Rbf8 25. Kh1 Ng7 26. f3 Nh5 27. Bh6 Bg7 28. Bxg7 Kxg7 29. Rbe1 Nf4 30. Re4 h6 31.
Rfe1 Nh5 32. Qe3 Re8 33. Re6 Nf4 34. Re4 Nh5 35. Re6 Nf4 36. Re4 Nh5 1/2-1/2

[Event "*** Titled Tuesday Blitz"]
[Site "Chess.com"]
[Date "2021.03.30"]
[Round "2"]
[White "Rakesh"]
[Black "DonPreuss"]
[Result "1-0"]
[WhiteElo "2476"]
[BlackElo "2284"]
[TimeControl "180+1"]
[EndTime "10:17:07 PDT"]
[Termination "Rakesh won on time"]

1. g3 Nc6 2. Bg2 e5 3. c4 Bc5 4.
Nc3 d6 5. Nf3 Nge7 6. O-O a6 7.
e3 Ba7 8. d4 Bg4 9. dxe5 Nxe5 10.
Qa4+ Bd7 11. Qb3 Nxf3+ 12. Bxf3 Bc6 13. Bxc6+ bxc6 14. e4 O-O 15. Qc2 f5 16. exf5 Nxf5 17. Ne4 Nd4 18. Qd3 Nf3+ 19. Kg2 Qd7 20. h3 Rae8 21. Bf4 Ne5 22. Bxe5 Rxe5 23. Rae1 Rfe8 24. f4 R5e7 25. Re2 Qf5 26. Rfe1 d5 27. cxd5 cxd5 28. Nf2 Qxd3 29. Rxe7 Rxe7 30. Nxd3 Rxe1 31. Nxe1 Kf7 32. Kf3 c5 33. b3 Ke6 34. Ke2 d4 35. Kd3 Kd5 36. Nf3 Bb8 37. h4 a5 38. Nd2 a4 39.
bxa4 g6 40. Nc4 h6 41. a5 Kc6 42. a4 Kd5 43. a6 1-0

[Event "*** Titled Tuesday Blitz"]
[Site "Chess.com"]
[Date "2021.03.30"]
[Round "2"]
[White "PawnEatingZombie"]
[Black "Aslanov_Umid"]
[Result "0-1"]
[WhiteElo "2184"]
[BlackElo "2420"]
[TimeControl "180+1"]
[EndTime "10:17:07 PDT"]
[Termination "Aslanov_Umid won by checkmate"]

1. d4 d5 2. c4 e6 3. Nc3 c6 4. e3 Nf6 5. Nf3 Nbd7 6. Qc2 b6 7.
b3 Bb7 8. Bd3 Bd6 9. O-O O-O 10.
Bb2 Qe7 11. Rfe1 h6 12. e4 dxc4 13. bxc4 e5 14. d5 Rac8 15. Qe2 Bc5 16. a4 Ng4 17.
Rf1 cxd5 18. cxd5 Ngf6 19. a5 Bb4 20. a6 Ba8 21. Nb5 Bxd5 22. exd5 e4 23. Nxa7 Rce8 24. Nc6 Qd6 25. Bc4 exf3 26. Qxf3 Bc5 27. a7 Re4 28. Qb3 Ra8 29. Rfd1 Ng4 30. Rf1 Qxh2# 0-1

[Event "*** Titled Tuesday Blitz"]
[Site "Chess.com"]
[Date "2021.03.30"]
[Round "2"]
[White "Hikaru"]
[Black "MoonlighT89"]
[Result "1-0"]
[WhiteElo "3209"]
[BlackElo "2608"]
[TimeControl "180+1"]
[EndTime "10:17:09 PDT"]
[Termination "Hikaru won by resignation"]

1. Nf3 d5 2. b3 Nf6 3. Bb2 e6 4. e3 Be7 5. d4 O-O 6. Bd3 b6 7. Nbd2 Bb7 8. c4 Nbd7 9. cxd5 Nxd5 10. O-O c5 11. Re1 cxd4 12. Nxd4 N7f6 13. N2f3 Rc8 14. a3 Nc3 15. Qd2 Nfe4 16. Bxe4 Nxe4 17. Qe2 Bf6 18. Rec1 Qd7 19. a4 a6 20. Ne1 Rxc1 21. Rxc1 Rc8 22. Rd1 Qd5 23. f3 Nc5 24. e4 Qe5 25.
Nc6 Qc7 26. Bxf6 gxf6 27. Nd4 Rd8 28. Nec2 Qe5 29. Qe3 Rd7 30. Qh6 Qg5 31. Qxg5+ fxg5 32. Rb1 Kf8 33. Kf1 Ke7 34. Ke2 Rd8 35. Ra1 Rc8 36.
b4 Nd7 37. Ne3 Ne5 38. b5 a5 39. Kd2 Nc4+ 40. Nxc4 Rxc4 41. Kd3 Rc5 42. Rh1 f6 43. h4 gxh4 44. Rxh4 h5 45. Ne2 Rg5 46.
Ke3 e5 47. Kf2 Kf7 48. Ng3 Rg8 49. Rxh5 Ke6 50. Rh7 Bc8 51. Nf5 1-0

[Event "*** Titled Tuesday Blitz"]
[Site "Chess.com"]
[Date "2021.03.30"]
[Round "2"]
[White "Terao90"]
[Black "jcibarra"]
[Result "0-1"]
[WhiteElo "2545"]
[BlackElo "2829"]
[TimeControl "180+1"]
[EndTime "10:17:09 PDT"]
[Termination "jcibarra won on time"]

1. e4 c5 2. Nf3 e6 3. Nc3 Nc6 4. Bb5 Nd4 5. Bd3 g6 6. Nxd4 cxd4 7. Ne2 d5 8. e5 f6 9. exf6 e5 10. Bb5+ Kf7 11. O-O Nxf6 12. d3 Qb6 13. Ba4 Bg7 14.
Bb3 Rd8 15. c3 dxc3 16. Nxc3 Bg4 17. Nxd5 Bxd1 18. Nxb6+ Bxb3 19. Nxa8 Ba4 20. Nc7 Rc8 21. b3 Bc6 22. Bb2 Nd7 23. f4 Rxc7 24. fxe5+ Ke6 25. d4 Rc8 26. Rac1 Nb6 27. Ba3 Rd8 28. Bd6 Nd5 29. Rf2 Bh6 30. Kh1 Bxc1 0-1

[Event "*** Titled Tuesday Blitz"]
[Site "Chess.com"]
[Date "2021.03.30"]
[Round "2"]
[White "KeithArkell"]
[Black "dpruess"]
[Result "0-1"]
[WhiteElo "2621"]
[BlackElo "2352"]
[TimeControl "180+1"]
[EndTime "10:17:09 PDT"]
[Termination "dpruess won by resignation"]

1. d4 Nf6 2. Nf3 c5 3. d5 e6 4. Nc3 b5 5. dxe6 fxe6 6. Nxb5 d5 7. e3 Nc6 8. Nc3 Bd6 9. Bb5 Bd7 10. e4 d4 11. O-O O-O 12. Re1 Qb8 13. Bxc6 Bxc6 14. e5 Bxf3 15. Qxf3 Bxe5 16. Ne4 Bxh2+ 17. Kh1 Nxe4 18. Qxe4 Rxf2 19. Qxe6+ Kh8 20. Bg5 Qg3 21. Qe8+ Rf8 22. Qh5 g6 23. Qxh2 Qxg5 24. Re2 Rf4 25. g3 Rf3 26. Kg2 Raf8 27. Rae1 Qd5 28. Kg1 Qg5 29.
Kg2 Qf5 30. Re7 Rf2+ 31. Kg1 Rxh2 0-1

[Event "*** Titled Tuesday Blitz"]
[Site "Chess.com"]
[Date "2021.03.30"]
[Round "2"]
[White "Funo09"]
[Black "WanderingPuppet"]
[Result "1-0"]
[WhiteElo "2755"]
[BlackElo "2512"]
[TimeControl "180+1"]
[EndTime "10:17:10 PDT"]
[Termination "Funo09 won on time"]

1. e4 c5 2. Nc3 d6 3. Nf3 a6 4. d4 cxd4 5. Nxd4 Nf6 6. a4 e5 7. Nf3 h6 8. Bc4 Be6 9. Qe2 Qc7 10. Bb3 Nbd7 11. O-O Be7 12. Rd1 O-O 13. a5 Rac8 14. Be3 Bxb3 15. cxb3 Nc5 16. b4 Ne6 17. Bb6 Qc4 18.
Qc2 Qxb4 19. Ra4 Qb5 20. g3 Qc6 21. Qb3 Nc5 22. Bxc5 Qxc5 23. Nd5 Nxd5 24. Rxd5 Qc2 25. Rb4 Qxb3 26. Rxb3 Rc7 27. Rb6 f5 28. Nd2 f4 29.
Kg2 fxg3 30. hxg3 Rf6 31. b3 Bf8 32. Nc4 Re6 33. Kh3 Kf7 34. Kg4 Rg6+ 35. Kf3 Rf6+ 36. Ke3 Rg6 37. Rd1 Rf6 38. f4 Rg6 39. fxe5 Rxg3+ 40. Kf4 Rg6 41. exd6 1-0

[Event "*** Titled Tuesday Blitz"]
[Site "Chess.com"]
[Date "2021.03.30"]
[Round "2"]
[White "NoboaKevin1999"]
[Black "Vandros57"]
[Result "1-0"]
[WhiteElo "2427"]
[BlackElo "2197"]
[TimeControl "180+1"]
[EndTime "10:17:10 PDT"]
[Termination "NoboaKevin1999 won on time"]

1. d4 d5 2. c4 e6 3. Nc3 Nf6 4. cxd5 exd5 5. Bg5 c6 6. e3 Be7 7.
Bd3 O-O 8. Nge2 h6 9. Bh4 Ne4 10.
Bxe7 Qxe7 11. Bxe4 dxe4 12. Ng3 f5 13. d5 cxd5 14.
Nxd5 Qe5 15. Rc1 Rd8 16. O-O Nc6 17. Rc5 Qd6 18. Qc1 Be6 19. Rd1 Kh8 20. h4 Qe5 21.
Qc4 Rac8 22. Ne2 Qxb2 23. Nef4 Ne5 24. Rxc8 Rxc8 25. Qa4 Bxd5 26. Rxd5 Rc1+ 27. Rd1 Nd3 28. Qe8+ Kh7 29. Qg6+ Kg8 30. Qe6+ Kh8 31. Ng6+ Kh7 32. Rxc1 Qxc1+ 33. Kh2 Qc7+ 34. g3 Nxf2 35. Qxf5 1-0

[Event "*** Titled Tuesday Blitz"]
[Site "Chess.com"]
[Date "2021.03.30"]
[Round "2"]
[White "ShimanovAlex"]
[Black "DrVitman"]
[Result "0-1"]
[WhiteElo "2785"]
[BlackElo "2584"]
[TimeControl "180+1"]
[EndTime "10:17:11 PDT"]
[Termination "DrVitman won by checkmate"]

1. e4 c5 2. Nf3 Nc6 3. Bb5 g6 4. O-O Bg7 5. Re1 e5 6. c3 Nge7 7. d4 cxd4 8. cxd4 Nxd4 9. Nxd4 exd4 10. Bf4 O-O 11. Bd6 Re8 12. Bc4 Qb6 13. Ba3 Nc6 14.
Nd2 Ne5 15. Bd5 d6 16. h3 Be6 17. f4 Bxd5 18. exd5 Nd7 19. Rxe8+ Rxe8 20. Nc4 Qa6 21. Nxd6 Re3 22. Nc8 Bf6 23. Qg4 Qb5 24. Nd6 Qa4 25.
Rc1 Rxa3 26. Rc8+ Nf8 27. bxa3 d3 28. Nc4 d2 29. Nxd2 Qd4+ 30. Kh1 Qxd2 31. Qf3 Bd4 32.
Kh2 Qe1 33. Rc2 Bg1+ 34. Kh1 Bf2+ 35. Kh2 Qg1# 0-1

[Event "*** Titled Tuesday Blitz"]
[Site "Chess.com"]
[Date "2021.03.30"]
[Round "2"]
[White "dpopadic"]
[Black "AlexSuv"]
[Result "0-1"]
[WhiteElo "2315"]
[BlackElo "2571"]
[TimeControl "180+1"]
[EndTime "10:17:11 PDT"]
[Termination "AlexSuv won by resignation"]

1. e4 c5 2. Nc3 e6 3. d3 Nc6 4. g4 g6 5. Bg2 Bg7 6. Nh3 h5 7.
g5 Nge7 8. O-O O-O 9. Be3 Nd4 10.
f4 d5 11. Kh1 b6 12. Qd2 Bb7 13. Rad1 Rc8 14. Bg1 a6 15. b3 b5 16. Nf2 Qa5 17.
Nxd5 Qd8 18. Nxe7+ Qxe7 19. c3 Nc6 20. Qe3 Bxc3 21.
Qh3 Bd4 22. e5 Bxf2 23. Bxf2 Nd4 24. b4 Rfd8 25. bxc5 Bxg2+ 26. Qxg2 Qxc5 27. Qe4 Qd5 28. h3 Qxe4+ 29. dxe4 Ne2 30. f5 exf5 31. exf5 gxf5 32. Kg2 Nf4+ 33. Kg3 Ng6 34. Bb6 Rc3+ 35. Kh2 Rxd1 36. Rxd1 Nf4 37. Rd8+ Kh7 38. Rd7 Rxh3+ 39.
Kg1 Kg6 40. Rd6+ Kxg5 41. Bd8+ Kg4 42. Rxa6 Rg3+ 43. Kh2 Rg2+ 44. Kh1 h4 45. Rf6 h3 46. Rxf7 Nh5 47. Rg7+ Nxg7 0-1

[Event "*** Titled Tuesday Blitz"]
[Site "Chess.com"]
[Date "2021.03.30"]
[Round "2"]
[White "SmallTurtleDuck"]
[Black "xberli"]
[Result "1-0"]
[WhiteElo "2321"]
[BlackElo "2512"]
[TimeControl "180+1"]
[EndTime "10:17:11 PDT"]
[Termination "SmallTurtleDuck won by resignation"]

1. d4 Nf6 2. Nd2 e6 3. e4 c5 4. c3 cxd4 5. cxd4 Bb4 6. Bd3 Nc6 7. Nf3 h6 8. a3 Ba5 9. b4 Bb6 10. Nb3 d6 11. O-O O-O 12. Bb2 a6 13. Rc1 Ne7 14. Bb1 Ng6 15. e5 Nd5 16. Bxg6 fxg6 17. Qd3 Nf4 18. Qe4 d5 19. Qe3 Bd7 20. Nc5 Bxc5 21. dxc5 g5 22. Nd4 Qe7 23. Rfe1 Be8 24. g3 Nh3+ 25.
Kg2 Rxf2+ 26. Kxh3 Rxb2 27. Rf1 Bh5 28. g4 Bg6 29. Qc3 Ra2 30. Qb3 Rd2 31. Qc3 Rxd4 32.
Qxd4 Rf8 33. Kg3 Be4 34. Rf2 Rf4 35. Qe3 Qc7 36. Rxf4 Qxe5 37. Rf1 Kh7 38. h4 gxf4+ 39. Qxf4 Qc3+ 40. Kh2 Qxa3 41. Qd2 Qb3 42. g5 Qc4 43. Rg1 Bf5 44. Qf2 Qe4 45. gxh6 gxh6 46. Qg3 Bg6 47. h5 Qf5 48. hxg6+ Kg8 49. Qb8+ Kg7 50. Qc7+ Kf6 51. Qf7+ Ke5 52. Qxf5+ Kxf5 53. g7 1-0

[Event "*** Titled Tuesday Blitz"]
[Site "Chess.com"]
[Date "2021.03.30"]
[Round "2"]
[White "Jumbo"]
[Black "Mikhail_Golubev"]
[Result "1-0"]
[WhiteElo "2784"]
[BlackElo "2524"]
[TimeControl "180+1"]
[EndTime "10:17:12 PDT"]
[Termination "Jumbo won on time"]

1. d4 Nf6 2. Bf4 c5 3. dxc5 Qa5+ 4. Qd2 Qxc5 5. Nc3 d6 6. e4 g6 7. f3 Bg7 8. Be3 Qa5 9. Nb5 Qxd2+ 10. Kxd2 Na6 11.
Nxa7 O-O 12. Bxa6 bxa6 13. Nxc8 Rfxc8 14. Ne2 Rab8 15. b3 Nd7 16. Rab1 a5 17. Bd4 Bh6+ 18. Kd3 Nc5+ 19. Bxc5 Rxc5 20. c4 e6 21. Nc3 Bg7 22. Na4 Rc6 23. Rhd1 f5 24. Rbc1 Rf8 25. Rc2 fxe4+ 26.
Kxe4 g5 27. Rcd2 Be5 28. g3 Rf5 29. Rd3 Kf8 30. Ke3 Ke7 31. Ke2 h5 32. Nc3 h4 33.
Ne4 hxg3 34. hxg3 Rc8 35. Rh1 d5 36. cxd5 exd5 37. Rxd5 1-0

[Event "*** Titled Tuesday Blitz"]
[Site "Chess.com"]
[Date "2021.03.30"]
[Round "2"]
[White "x-5963514717"]
[Black "Beca95"]
[Result "0-1"]
[WhiteElo "2361"]
[BlackElo "2905"]
[TimeControl "180+1"]
[EndTime "10:17:12 PDT"]
[Termination "Beca95 won by resignation"]

1. Nf3 g6 2. g3 Bg7 3. d4 d6 4. Bg2 Nd7 5. O-O e5 6. e4 Ngf6 7. Nc3 O-O 8. Re1 c6 9. a4 Re8 10. h3 a5 11. Bg5 h6 12. Be3 Qc7 13. Qd2 Kh7 14. Rad1 exd4 15. Bxd4 Ne5 16. Nxe5 dxe5 17. Bc5 Bf8 18. Bxf8 Rxf8 19. Qd6 Qxd6 20. Rxd6 Kg7 21.
Red1 Be6 22. Bf1 Rfc8 23. f4 Ne8 24. R6d2 exf4 25. gxf4 f5 26. e5 Kf7 27. Ne2 Ke7 28. Nd4 Bg8 29. h4 h5 30. Nf3 Rd8 31. Nd4 Nc7 32.
Kf2 Nd5 33. Kf3 Nb6 34. b3 Bd5+ 35. Kg3 Be4 36. Bg2 Bxg2 37. Kxg2 Nd5 38. Kf3 Nc3 39. Rg1 c5 40. Nxf5+ gxf5 41. Rg7+ Kf8 42. Rxd8+ Rxd8 43.
Rxb7 Rd4 44. e6 Nd5 45. Rf7+ Ke8 46. Rxf5 Ke7 47. c4 Nf6 48. Rxc5 Kxe6 49. Rxa5 Rd3+ 50. Ke2 Rxb3 51. Re5+ Kf7 52. Rb5 Rc3 53. c5 Ne4 54. c6 Rxc6 55. Rxh5 Ng3+ 0-1

[Event "*** Titled Tuesday Blitz"]
[Site "Chess.com"]
[Date "2021.03.30"]
[Round "2"]
[White "manmanlai1"]
[Black "Michaelson_11"]
[Result "1-0"]
[WhiteElo "2463"]
[BlackElo "2254"]
[TimeControl "180+1"]
[EndTime "10:17:13 PDT"]
[Termination "manmanlai1 won by resignation"]

1. d4 Nf6 2. c4 g6 3. Nc3 Bg7 4. Bg5 O-O 5. e3 d6 6. Nf3 Nbd7 7. Be2 c5 8. O-O b6 9. Re1 Bb7 10. Rc1 h6 11. Bh4 g5 12. Bg3 Nh5 13. d5 Nxg3 14.
fxg3 f5 15. Bd3 Ne5 16. Rf1 Bc8 17. Nxe5 dxe5 18. e4 f4 19. Be2 Qd7 20. h3 Qe8 21. Bh5 Qd8 22. Kh2 Bd7 23. Bg4 Qc7 24. Bxd7 Qxd7 25.
a3 Rad8 26. g4 a6 27. Rf3 Qd6 28. Rb1 Rb8 29. Ne2 Rb7 30. b4 b5 31. cxb5 Rxb5 32. bxc5 Qxc5 33. Rxb5 Qxb5 34. Nc3 Qc5 35. Qb3 Rc8 36.
d6+ Kh8 37. d7 Rd8 38. Rd3 Qc7 39. Qe6 Bf6 40. Qf7 Rxd7 41. Qe8+ 1-0

[Event "*** Titled Tuesday Blitz"]
[Site "Chess.com"]
[Date "2021.03.30"]
[Round "2"]
[White "tptagain"]
[Black "maximnovik"]
[Result "0-1"]
[WhiteElo "2813"]
[BlackElo "2561"]
[TimeControl "180+1"]
[EndTime "10:17:14 PDT"]
[Termination "maximnovik won by resignation"]

1. Nf3 Nf6 2. b3 g6 3. Bb2 Bg7 4. g3 c5 5. c4 d6 6. Bg2 e5 7.
Nc3 Nc6 8. O-O O-O 9. d3 Ne8 10. Nd2 f5 11. e3 Be6 12. a3 Rc8 13. b4 b6 14. Nd5 Ne7 15. Qa4 Nxd5 16. cxd5 Bd7 17.
Qb3 g5 18. f4 Qe7 19. bxc5 bxc5 20. Nc4 exf4 21. exf4 Bxb2 22. Qxb2 gxf4 23. Rxf4 Nf6 24. Rff1 Rb8 25. Qd2 Bb5 26. Rae1 Qd7 27. Qg5+ Kh8 28. Rxf5 Bxc4 29. dxc4 Qg7 30. Qf4 Ng4 31. h3 Rxf5 32. Qxf5 Ne5 33. Kh2 Rf8 34. Qe4 Rf2 35. Re2 Nf3+ 36.
Kh1 Qa1+ 0-1

[Event "*** Titled Tuesday Blitz"]
[Site "Chess.com"]
[Date "2021.03.30"]
[Round "2"]
[White "Ladislav1969"]
[Black "youngKID"]
[Result "0-1"]
[WhiteElo "2348"]
[BlackElo "2739"]
[TimeControl "180+1"]
[EndTime "10:17:14 PDT"]
[Termination "youngKID won by resignation"]

1. e4 c5 2. d4 cxd4 3. c3 dxc3 4. Nxc3 Nc6 5. Nf3 d6 6. Bc4 e6 7. Bf4 a6 8. O-O Nf6 9. Qe2 e5 10. Ng5 exf4 11. Nxf7 Qe7 12. Nxh8 Ne5 13. Nd5 Nxd5 14.
Bxd5 g6 15. Qd2 Qf6 16. Rac1 Bg7 17. Rc7 Bxh8 18. Qc3 Bd7 19. Bxb7 Rd8 20. Rd1 f3 21. g3 Qe6 22. Bxa6 Qxa2 23. Rxd6 Nf7 24. Rf6 Qa1+ 25.
Bf1 Bxf6 26. Qxf6 Qd1 27. g4 Ra8 28. Qb6 Qxf1+ 0-1

[Event "*** Titled Tuesday Blitz"]
[Site "Chess.com"]
[Date "2021.03.30"]
[Round "2"]
[White "Redzishchess"]
[Black "Flutaga"]
[Result "1-0"]
[WhiteElo "2383"]
[BlackElo "2003"]
[TimeControl "180+1"]
[EndTime "10:17:14 PDT"]
[Termination "Redzishchess won by resignation"]

1. e4 e5 2. Nc3 Nc6 3. g3 Nf6 4. Bg2 d6 5. d3 Bg4 6. Nge2 Be7 7.
h3 Bh5 8. g4 Bg6 9. Be3 Qd7 10.
Qd2 O-O-O 11. O-O-O Kb8 12. f4 exf4 13. Nxf4 Ne5 14. Kb1 Rhe8 15. Qf2 a6 16. Rhf1 Bf8 17. g5 Nh5 18. Nfd5 Nc6 19. Bf3 Be7 20. Bg4 f5 21. gxf6 Bxf6 22. Bxd7 Rxd7 23. Nxf6 Nxf6 24. Qg3 Ne5 25.
Bd4 Rde7 26. Ne2 Nfd7 27. Nf4 Bf7 28. Rf2 Bg8 29. Rdf1 c5 30. Bc3 b6 31. Nh5 Kb7 32.
Nxg7 Rd8 33. Nf5 Rf7 34. Nxd6+ Kc6 1-0

[Event "*** Titled Tuesday Blitz"]
[Site "Chess.com"]
[Date "2021.03.30"]
[Round "2"]
[White "adricalderon8"]
[Black "moro182"]
[Result "0-1"]
[WhiteElo "2499"]
[BlackElo "2725"]
[TimeControl "180+1"]
[EndTime "10:17:15 PDT"]
[Termination "moro182 won by resignation"]

1. Nf3 g6 2. e4 Bg7 3. d4 d6 4. h3 Nf6 5. Bd3 O-O 6. c3 e5 7. O-O Re8 8. Re1 Nc6 9. d5 Ne7 10. c4 Nd7 11. Nc3 h6 12. Bc2 Rf8 13. b4 a5 14. Rb1 axb4 15. Rxb4 Nc5 16. Be3 b6 17. a4 f5 18. exf5 Nxf5 19. Bxc5 bxc5 20. Rb1 Bd7 21. Nb5 Rf7 22. Re2 Bc8 23. Be4 Qf6 24. Ra2 Nd4 25. Nfxd4 exd4 26. Qd3 Kh7 27. a5 Qg5 28. Kh1 Be5 29.
Rba1 Kg7 30. a6 Rxa6 31. Rxa6 Bxa6 32. f4 Qxf4 33. g3 Qf2 34. Rxa6 Bxg3 35. Ra2 Qxa2 36. Qc2 Rf1+ 37. Kg2 Rf2+ 38. Kxg3 Rxc2 39. Nxc7 Rc3+ 40.
Kf4 Qf2+ 41. Kg4 h5+ 0-1

[Event "*** Titled Tuesday Blitz"]
[Site "Chess.com"]
[Date "2021.03.30"]
[Round "2"]
[White "KroshkaKami"]
[Black "morte-negra"]
[Result "1-0"]
[WhiteElo "2371"]
[BlackElo "1883"]
[TimeControl "180+1"]
[EndTime "10:17:15 PDT"]
[Termination "KroshkaKami won on time"]

1. e4 c5 2. d4 cxd4 3. c3 Nf6 4. e5 Nd5 5. cxd4 d6 6. Nf3 e6 7. Bc4 Nb6 8. Bb3 Nc6 9. Qe2 Qc7 10. O-O Be7 11. Bf4 a5 12. Nc3 a4 13. exd6 Bxd6 14. Nb5 Bxf4 15. Nxc7+ Bxc7 16. d5 axb3 17. dxc6 bxa2 18.
Qe4 Nd5 19. Rfd1 bxc6 20. Nd4 Bd7 21. Nb3 Bb6 22. Nc1 O-O 23. Nxa2 c5 24. b4 Bc6 25. Qc4 Ra4 26. Qc2 Rfa8 27. bxc5 Bc7 28. Qb2 f6 29. Rdb1 Be5 30. Qd2 Bxa1 31. Rxa1 Nb4 32. Qd6 Nxa2 33. Qxe6+ Kh8 34. Qxc6 1-0